 Dungeon Crawl Stone Soup version 0.28-a0-984-g3775c662fe (webtiles) character file.

Game seed: 10356129471525550313

485 Redcow54321 the Ruffian (level 6, -1/59 HPs)
             Began as a Troll Fighter on Dec 3, 2021.
             Killed by divine providence
             ... invoked by an orc priest
              (9 damage)
             ... on level 4 of the Dungeon.
             The game lasted 00:07:31 (2841 turns).

Redcow54321 the Ruffian (Troll Fighter)             Turns: 2841, Time: 00:07:31

Health: -1/59      AC:  4    Str: 27    XL:     6   Next: 88%
Magic:  5/5        EV: 10    Int:  4    God:
Gold:   70         SH:  0    Dex:  9    Spells: 5/5 levels left

rFire   . . .      SeeInvis .     - Unarmed
rCold   . . .      Faith    .   (no shield)
rNeg    . . .      Spirit   .   a - +0 robe
rPois   .          Reflect  .   (helmet restricted)
rElec   .          Harm     .   (no cloak)
rCorr   .          Rampage  .   (gloves unavailable)
Will    .....                   (boots unavailable)
Stlth   +.........              (no amulet)
HPRegen 0.99/turn               (no ring)
MPRegen 0.09/turn               (no ring)

@: no status effects
A: large, unfitting armour, claws 3, regeneration 1, shaggy fur 1, tough skin 1
a: no special abilities


You were on level 4 of the Dungeon.
You visited 1 branch of the dungeon, and saw 4 of its levels.
You also visited: Sewer.

You collected 70 gold pieces.

Inventory:

Armour
 a - a +0 robe (worn)
 b - a +0 kite shield
Scrolls
 f - a scroll of enchant weapon {unknown}
 h - a scroll of immolation {unknown}
 i - a scroll of identify {unknown}
 k - a scroll of noise {unknown}
 l - a scroll of fear {unknown}
 m - a scroll of summoning {unknown}
 n - a scroll of fog {unknown}
 o - a scroll of magic mapping {unknown}
 p - a scroll of brand weapon {unknown}
 q - a scroll of teleportation {unknown}
Potions
 c - a potion of might
 d - 2 potions of curing {unknown}
 e - a potion of lignification {unknown}
 g - 2 potions of brilliance {unknown}
 j - a potion of degeneration {unknown}
 r - a potion of invisibility {unknown}
 s - a potion of cancellation {unknown}
 t - a potion of ambrosia {unknown}


   Skills:
 - Level 2.4 Fighting
 - Level 2.4 Dodging
 - Level 2.4 Shields
 * Level 7.5 Unarmed Combat


You had 5 spell levels left.
You didn't know any spells.
Your spell library contained the following spells:

 Spells                   Type           Power      Damage    Failure   Level
 Magic Dart               Conj           0%         1d3       50%         1
 Slow                     Hex            0%         N/A       50%         1
 Sting                    Tmut/Pois      0%         1d3       50%         1
 Call Imp                 Summ           0%         N/A       65%         2
 Poisonous Vapours        Pois/Air       0%         N/A       65%         2
 Confusing Touch          Hex            0%         N/A       86%         3
 Mephitic Cloud           Conj/Pois/Air  0%         N/A       86%         3
 Olgreb's Toxic Radiance  Pois           0%         N/A       99%         4
 Yara's Violent Unravell  Hex/Tmut       0%         3d3       100%        5


Dungeon Overview and Level Annotations

Branches:
Dungeon (4/15)              Sewer (visited)
 Temple: D:4-7

Altars:

Annotations:
D:4 Pargi


Innate Abilities, Weirdness & Mutations

You are too large for most types of armour.
You have claws for hands.
Your natural rate of healing is unusually fast.
You are covered in fur. (AC +1)
You have tough skin. (AC +1)


Message History

Beogh smites you!
The orc priest mumbles some strange prayers to Beogh against you.
Beogh smites you!
You barely miss the orc priest.
The orc priest hits you but does no damage.
You closely miss the orc priest. The orc priest hits you with a +0 club.
You scratch the orc priest.
The orc priest is lightly wounded.
The orc priest misses you.
You scratch the orc priest.
The orc priest is heavily wounded.
The orc priest hits you with a +0 club.
You closely miss the orc priest.
The orc priest is heavily wounded.
The orc priest calls upon Beogh to heal the orc priest.
The orc priest is healed somewhat.
The orc priest invokes the aid of Beogh against you.
Beogh smites you!
You scratch the orc priest.
The orc priest is moderately wounded.
You scratch the orc priest.
The orc priest is severely wounded.
The orc priest hits you with a +0 club.
You closely miss the orc priest.
The orc priest is severely wounded.
The orc priest hits you with a +0 club.
The orc priest casts a cantrip, but nothing happens.
You barely miss the orc priest. Your claw misses the orc priest.
The orc priest is severely wounded.
The orc priest hits you with a +0 club.
You scratch the orc priest.
The orc priest is almost dead.
The orc priest mumbles some strange prayers to Beogh against you.
Beogh smites you!
* * * LOW HITPOINT WARNING * * *
You barely miss the orc priest.
The orc priest is almost dead.
The orc priest calls down the wrath of Beogh upon you.
Beogh smites you!
You die...

.# ##.##
.# ##.##
.# ## ##.#
## .##
###.# #
...#
###..## ##
###...#
#..###
.###.†.#
#.##
.......#
#.#
.......#
#@#
<).##..#
#o#
)...#..#
#o#
.......#
.o#
.......#
....
.......#
#....
.........
##...#
.#.##...##
#..## .###
..## ##.#


You could see 2 orc priests and an orc.

Vanquished Creatures
  Menkaure (D:4)
  A scorpion (D:3)
  A bullfrog (D:4)
  A hound (D:3)
  An iguana (D:3)
  An orc wizard (D:3)
  A hound skeleton (D:4)
  2 adders
  2 worms
  3 dart slugs
  7 orcs
  13 ball pythons
  8 endoplasms
  6 giant cockroaches
  8 goblins
  6 hobgoblins
  12 jackals
  5 quokkas
  7 bats
  6 frilled lizards
  16 kobolds
  4 rats
112 creatures vanquished.

Vanquished Creatures (others)
  10 plants (Sewer)
10 creatures vanquished.

Grand Total: 122 creatures vanquished

Notes
Turn   | Place    | Note
-------+----------+-------------------------------------------
     0 | D:1      | Redcow54321 the Troll Fighter began the quest for the Orb.
     0 | D:1      | Reached XP level 1. HP: 22/22 MP: 0/0
   122 | D:1      | Reached XP level 2. HP: 28/29 MP: 1/1
   161 | D:1      | Reached skill level 3 in Unarmed Combat
   423 | D:2      | Reached XP level 3. HP: 34/36 MP: 2/2
   491 | D:2      | Found a faded altar of an unknown god.
   526 | D:2      | Reached skill level 4 in Unarmed Combat
  1131 | D:3      | Reached XP level 4. HP: 44/44 MP: 3/3
  1337 | D:3      | Found a glowing drain.
  1351 | Sewer    | Entered a sewer
  1629 | Sewer    | Reached skill level 5 in Unarmed Combat
  1970 | D:3      | Noticed a scorpion
  1978 | D:3      | Killed a scorpion
  1979 | D:3      | Reached XP level 5. HP: 47/50 MP: 4/4
  2424 | D:3      | Reached skill level 6 in Unarmed Combat
  2588 | D:4      | Noticed Pargi
  2644 | D:4      | Noticed Menkaure
  2651 | D:4      | Killed Menkaure
  2652 | D:4      | Reached XP level 6. HP: 21/59 MP: 5/5
  2671 | D:3      | Reached skill level 7 in Unarmed Combat
  2841 | D:4      | Killed from afar by an orc priest

Illustrated notes

Levels and vault maps discovered:
D:1:      shiori_shiawase, layout_rooms
D:2:      layout_basic, nicolae_ecumenical_snake_handling, serial_rivers,
          chequers_serial_rivers_marsh, chequers_serial_rivers_room_b,
          chequers_serial_rivers_micro_c, chequers_serial_rivers_micro_b,
          chequers_serial_rivers_small_a, nicolae_concentric_dashed_squares_wild
D:3:      layout_basic, portal_sewer_entry_f
D:4:      layout_layer_cave, uniq_natasha, uniq_pargi, uniq_menkaure

Skill      XL: |  1  2  3  4  5  6 |
---------------+-------------------+-----
Unarmed Combat | 3 4 5 6 7 |  7.5
Fighting       | |  2.4
Dodging        | |  2.4
Shields        | |  2.4

Action                   |  1- 3 |  4- 6 || total
-------------------------+-------+-------++-------
Melee: Unarmed           |    97 |   158 ||   255
       Punch             |       |     1 ||     1
Armor: Robe              |    26 |    59 ||    85
Dodge: Dodged            |    59 |    73 ||   132

Table legend: (Time is in decaauts)
 A = Elapsed time spent in this place.
 B = Non-inter-level travel time spent in this place.
 C = Inter-level travel time spent in this place.
 D = Time resting spent in this place.
 E = Time spent auto-exploring this place.
 F = Levels seen in this place.
 G = Mean time per level.
                   A        B        C        D        E       F      G
               +--------+--------+--------+--------+--------+-----+--------+
         Total |   3006 |   2947 |     59 |      0 |   2357 |   5 |  601.2 |
       Dungeon |   2253 |   2194 |     59 |      0 |   1734 |   4 |  563.2 |
         Sewer |    752 |    752 |      0 |      0 |    623 |   1 |  752.0 |
               +--------+--------+--------+--------+--------+-----+--------+

Top non-repeatable levels by time:
     D:3: 988 daAuts
   Sewer: 752 daAuts
     D:2: 687 daAuts
     D:1: 402 daAuts
     D:4: 174 daAuts
